 Dungeon Crawl Stone Soup version 0.29.1-2-gbd0b4ee654 (webtiles) character file.

Game seed: 9758176769121946689

87 Ivernyr the Vexing (level 4, -5/33 HPs)
             Began as a Barachi Arcane Marksman on Nov 3, 2022.
             Slain by Duvessa
             ... wielding a +0 short sword
              (9 damage)
             ... on level 4 of the Dungeon.
             The game lasted 00:11:10 (3312 turns).

Ivernyr the Vexing (Barachi Arcane Marksman)        Turns: 3312, Time: 00:11:10

Health: -5/33      AC:  7    Str: 12    XL:     4   Next: 51%
Magic:  7/7        EV: 11    Int: 15    God:
Gold:   206        SH:  0    Dex: 12    Spells: 6/7 levels left

rFire   . . .      SeeInvis .   a - +1 sling
rCold   + . .      Faith    .   (no shield)
rNeg    . . .      Spirit   .   n - +1 ring mail "Kid Fono" {rC+}
rPois   .          Reflect  .   (no helmet)
rElec   .          Harm     .   (no cloak)
rCorr   .          Rampage  .   i - +0 pair of gloves
Will    .....                   (no boots)
Stlth   +.........              (no amulet)
HPRegen 0.11/turn               (no ring)
MPRegen 0.10/turn               (no ring)

@: unable to hop, slow
A: amphibious, slowness 1, strong legs 1, +LOS
a: Hop


You were on level 4 of the Dungeon.
You visited 1 branch of the dungeon, and saw 4 of its levels.

You collected 206 gold pieces.

Inventory:

Hand Weapons
 a - a +1 sling (weapon)
Armour
 i - a +0 pair of gloves (worn)
 n - the +1 ring mail "Kid Fono" (worn) {rC+}
   (You found it on level 3 of the Dungeon)

   rC:        It protects you from cold.
Scrolls
 b - 2 scrolls of poison
 d - 6 scrolls of identify {unknown}
 e - a scroll of teleportation {unknown}
 g - a scroll of torment {unknown}
Potions
 c - 2 potions of haste {unknown}
 f - 2 potions of brilliance {unknown}
 h - 2 potions of heal wounds {unknown}
 j - a potion of flight {unknown}
 k - 2 potions of might {unknown}
 l - a potion of mutation {unknown}
 m - a potion of curing {unknown}


   Skills:
 - Level 1.9 Fighting
 * Level 3.0 Ranged Weapons
 + Level 0.3 Armour
 - Level 2.7 Dodging
 + Level 2.0 Spellcasting
 + Level 3.9 Hexes


You had 6 spell levels left.
You knew the following spells:

 Your Spells              Type           Power      Damage    Failure   Level
a - Slow                  Hex            52%        N/A       10%         1

Your spell library contained the following spells:

 Spells                   Type           Power      Damage    Failure   Level
 Inner Flame              Hex/Fire       7%         N/A       54%         3
 Portal Projectile        Hex/Tloc       14%        N/A       54%         3
 Sublimation of Blood     Necr           1%         N/A       58%         2
 Cause Fear               Hex            6%         N/A       69%         4
 Petrify                  Tmut/Erth      1%         N/A       99%         4
 Irradiate                Conj/Tmut      0%         3d11      100%        5


Dungeon Overview and Level Annotations

Branches:
Dungeon (4/15)
 Temple: D:4-7

Altars:
Gozag
Makhleb
Uskayaw
Vehumet
Zin

Annotations:
D:4 Dowan, Duvessa


Innate Abilities, Weirdness & Mutations

You are amphibious.
You cover ground slowly.
You can hop short distances.
You have an extended range of vision and can be seen from far away.


Message History

You shoot a sling bullet. The sling bullet hits Duvessa.
Duvessa is moderately wounded.
Duvessa barely misses you. Duvessa misses you.
Fire: a) +1 sling
Press: ? - help, Q - select action, (/) - cycle Shift-Dir - straight line, f/p - Duvessa
Aim: Duvessa, wielding a +0 short sword and wearing a +0 leather armour (moderately wounded, fast, 60% to hit)
You shoot a sling bullet.
The sling bullet closely misses Duvessa.
The sling bullet closely misses Dowan.
Duvessa barely misses you. Duvessa hits you but does no damage.
Fire: a) +1 sling
Press: ? - help, Q - select action, (/) - cycle Shift-Dir - straight line, f/p - Duvessa
Aim: Duvessa, wielding a +0 short sword and wearing a +0 leather armour (moderately wounded, fast, 60% to hit)
You shoot a sling bullet. The sling bullet barely misses Duvessa.
The sling bullet hits Dowan.
Dowan is lightly wounded.
Duvessa hits you with a +0 short sword. x2
Fire: a) +1 sling
Press: ? - help, Q - select action, (/) - cycle Shift-Dir - straight line, f/p - Duvessa
Aim: Duvessa, wielding a +0 short sword and wearing a +0 leather armour (moderately wounded, fast, 60% to hit)
You shoot a sling bullet. The sling bullet hits Duvessa.
Duvessa is moderately wounded.
Duvessa hits you with a +0 short sword.
Dowan gestures wildly while chanting.
Dowan blinks!
Duvessa hits you with a +0 short sword.
Fire: a) +1 sling
Press: ? - help, Q - select action, (/) - cycle Shift-Dir - straight line, f/p - Duvessa
Aim: Duvessa, wielding a +0 short sword and wearing a +0 leather armour (moderately wounded, fast, 60% to hit)
You shoot a sling bullet. The sling bullet barely misses Duvessa.
Duvessa hits you with a +0 short sword.
* * * LOW HITPOINT WARNING * * *
Duvessa hits you with a +0 short sword.
* * * LOW HITPOINT WARNING * * *
Fire: a) +1 sling
Press: ? - help, Q - select action, (/) - cycle Shift-Dir - straight line, f/p - Duvessa
Aim: Duvessa, wielding a +0 short sword and wearing a +0 leather armour (moderately wounded, fast, 60% to hit)
You shoot a sling bullet. The sling bullet hits Duvessa.
Duvessa is heavily wounded.
Duvessa hits you with a +0 short sword!
You die...

#......# #.# ###......# #.#
##.'......# #.#. ##.........#
#.#. ##...e...#+## #.#.
#....###.# #.#.## ##..## .#
#.#... ##..#####.#.# ###.##..
##....e@...#.# #....+..
#...########.# #.#.##.. ##..#
#####.# #.#..... ##..##
#.....####.#..#.. #...#
#.##.....#.#..#.. ##..##
#.##.###.#.#..#..
....#....####.##.......#..#..
#......[...........#.########
#############.##.###.# ......


You could see Duvessa (fast).

Vanquished Creatures
  An adder (D:2)
  An ufetubus (D:2)
  3 dart slugs
  7 ball pythons
  2 endoplasms
  5 giant cockroaches
  8 goblins
  A hobgoblin (D:1)
  6 kobolds
  5 quokkas
  8 bats
  5 frilled lizards
  12 rats
64 creatures vanquished.

Notes
Turn   | Place    | Note
-------+----------+-------------------------------------------
     0 | D:1      | Ivernyr the Barachi Arcane Marksman began the quest for the
                  | Orb.
     0 | D:1      | Reached XP level 1. HP: 15/15 MP: 2/2
   481 | D:1      | Reached XP level 2. HP: 21/21 MP: 3/3
   631 | D:1      | Found a faded altar of an unknown god.
  1155 | D:1      | Reached XP level 3. HP: 27/27 MP: 5/5
  1876 | D:2      | Reached XP level 4. HP: 21/33 MP: 6/6
  2159 | D:3      | Identified the +1 ring mail "Kid Fono" {rC+}
  2177 | D:3      | Found a hide-covered altar of Uskayaw.
  2253 | D:3      | Found a burning altar of Makhleb.
  2652 | D:3      | Found an opulent altar of Gozag.
  3198 | D:4      | Found a glowing silver altar of Zin.
  3198 | D:4      | Found a radiant altar of Vehumet.
  3293 | D:4      | Noticed Duvessa
  3293 | D:4      | Noticed Dowan
  3312 | D:4      | Slain by Duvessa

Illustrated notes

Levels and vault maps discovered:
D:1:      matt_arrival_diagonals, layout_basic,
          shapermc_ecumenical_altar_starsandcircs
D:2:      layout_rooms, hangedman_decor_lopped, grunt_ministairs_3,
          dreamdust_wishing_well, kennysheep_generic_room_11
D:3:      layout_basic, bloody_makhleb, eat_drink_and_be_merry_uskayaw,
          nicolae_gozag_seed_capital
D:4:      layout_basic, gammafunk_temple_overflow_elements,
          minmay_temple_entry_slanted, nicolae_figureground_pulse, uniq_duvessa

Skill      XL: |  1  2  3  4 |
---------------+-------------+-----
Spellcasting   | 2 |  2.0
Ranged Weapons | 3 |  3.0
Fighting       | |  1.9
Armour         | |  0.3
Dodging        | |  2.7
Hexes          | |  3.9

Action                   |  1- 3 |  4- 6 || total
-------------------------+-------+-------++-------
Melee: Unarmed           |    20 |       ||    20
 Fire: Sling             |   105 |    97 ||   202
 Abil: Hop               |       |     6 ||     6
 Stab: Sleeping          |     1 |       ||     1
Armor: Robe              |    31 |     7 ||    38
       Ring mail         |       |    22 ||    22
Dodge: Dodged            |    78 |    46 ||   124
